 Dungeon Crawl Stone Soup version 0.20.2-3-g29329e0561 (webtiles) character file.

23332 peterlawrence the Basher (level 12, -5/108 HPs)
             Began as a Minotaur Fighter on July 9, 2020.
             Was a High Priest of Okawaru.
             Slain by a catoblepas (8 damage)
             ... on level 4 of the Lair of Beasts.
             The game lasted 00:24:49 (11479 turns).

peterlawrence the Basher (Minotaur Fighter)        Turns: 11479, Time: 00:24:49

Health: -5/108     AC: 20    Str: 27    XL:     12   Next: 70%
Magic:  14/18      EV:  2    Int: 16    God:    Okawaru [*****.]
Gold:   918        SH:  0    Dex: 11    Spells: 11/11 levels left

rFire    x . .     SeeInvis .   z - +2 whip (vamp)
rCold    . . .     Gourm    .   c - +1 shield
rNeg     + + +     Faith    .   O - +0 plate armour of the Princeling {rF- Int+8} (curse)
rPois    ∞         Spirit   .   F - +0 hat {Int+3}
rElec    .         Reflect  .   j - +0 cloak
rCorr    .         Harm     .   b - +1 pair of gloves
MR       .....                  (no boots)
Stlth    ..........             (no amulet)
Regen    0.3/turn               C - +2 ring of strength
MPRegen  0.2/turn               v - +5 ring of evasion

@: petrified, heroism, finesse
A: retaliatory headbutt, horns 2
a: Heroism, Finesse, Renounce Religion


You were on level 4 of the Lair of Beasts.
You worshipped Okawaru.
Okawaru was extremely pleased with you.
You were not hungry.

You visited 2 branches of the dungeon, and saw 13 of its levels.
You also visited: Labyrinth and Ossuary.

You collected 918 gold pieces.

Inventory:

Hand Weapons
 a - a +0 flail
 d - a +2 whip of freezing
 z - a +2 vampiric whip (weapon)
 N - a +3 morningstar of protection
Armour
 b - a +1 pair of gloves (worn)
 c - a +1 shield (worn)
 j - a +0 cloak (worn)
 n - a +0 plate armour
 F - a +0 hat of intelligence (worn)
 O - the cursed +0 plate armour of the Princeling (worn) {rF- Int+8}
   (You found it in a labyrinth)

   It affects your intelligence (+8).
   It makes you vulnerable to fire.
   It has a curse placed upon it.
Jewellery
 g - an uncursed ring of protection from cold
 k - a +4 ring of protection
 s - an uncursed ring of protection from magic
 v - a +5 ring of evasion (right hand)
 B - an uncursed ring of protection from fire
 C - a +2 ring of strength (left hand)
 D - an uncursed ring of resist corrosion
Wands
 w - a wand of lightning (9/15)
 J - a wand of confusion (26/48)
Scrolls
 h - 7 scrolls of remove curse
 i - 3 scrolls of enchant armour
 p - 11 scrolls of identify
 q - 9 scrolls of teleportation
 u - 3 scrolls of recharging
 y - 3 scrolls of fog
 E - 2 scrolls of blinking
 P - a scroll of magic mapping
Potions
 e - 6 potions of curing
 m - 4 potions of flight
 o - 2 potions of mutation
 r - a potion of might
 t - 2 potions of agility
 x - 2 potions of haste
 A - a potion of heal wounds
Comestibles
 f - 9 bread rations
 l - 5 meat rations
 G - 4 fruits
 H - a chunk of flesh


   Skills:
 - Level 10.8(15.8) Fighting
 - Level 12.0(17.0) Maces & Flails
 + Level 9.2(14.2) Armour
 - Level 12.0(17.0) Dodging
 - Level 0.1(5.1) Stealth
 - Level 6.8(11.8) Shields
 - Level 9.9 Invocations


You had 11 spell levels left.
You didn't know any spells.

Dungeon Overview and Level Annotations

Branches:
Dungeon (9/15)             Temple (0/1) D:5            Lair (4/6) D:9
  Swamp (0/4) Lair:3       Spider (0/4) Lair:3
    Orc: D:9-12

Altars:
Okawaru


Innate Abilities, Weirdness & Mutations

You reflexively headbutt those who attack you in melee.
You have a pair of horns on your head.


Message History

The plant is engulfed in calcifying dust.
The plant turns to stone!
The death yak gores you. The yak gores you! The catoblepas gores you!
* * * LOW HITPOINT WARNING * * *
The death yak gores you!
* * * LOW HITPOINT WARNING * * *
The yak gores you!
* * * LOW HITPOINT WARNING * * *
The catoblepas breathes a plume of calcifying dust at you.
The blast of calcifying dust hits you!
You are engulfed in calcifying dust.
The death yak gores you!!
* * * LOW HITPOINT WARNING * * *
The yak gores you.
* * * LOW HITPOINT WARNING * * *
The catoblepas gores you!!
* * * LOW HITPOINT WARNING * * *
You are engulfed in calcifying dust.
The death yak gores you but does no damage.
The yak barely misses you. The catoblepas gores you!
You die...

#...........♣
##..#.####.## ....
##...#.#### ....
###.......## ...
.##P....#..# ..####
...........# #.....#
...........# ###.#.#P.#
...>.......# #.YY......
...........####.@Y......
...............#§.......
...........##..+§.......
......>....###...^......
............###P........
...........## ##P.......
..#P##P#.##.# ##..#.###
############# #####


You could see a death yak, a catoblepas and a yak.

Vanquished Creatures
  Gastronok (Lair:2)
  A minotaur (Lab)
  Erica (D:8)
  3 two-headed ogres
  Pikel (D:4)
  A black mamba (Lair:1)
  A centaur skeleton (D:7)
  7 spiny frogs
  5 komodo dragons
  3 blink frogs (Lair:3)
  7 hippogriffs
  Sigmund (D:2)
  Eustachio (D:6)
  A wyvern (Lair:4)
  A spriggan (D:9)
  11 yaks
  A vampire (D:9)
  3 basilisks
  6 hungry ghosts
  Menkaure (D:6)
  6 swamp worms (Lair:3)
  2 hell hounds (D:9)
  4 porcupines
  4 water moccasins
  3 orc warriors
  A black bear (D:7)
  A slave (D:3)
  Purgy (D:3)
  2 sky beasts
  A necrophage (D:8)
  2 ice beasts
  A phantom (D:8)
  3 ogres
  4 centaurs
  15 wolves
  9 crocodiles
  2 big kobolds
  10 bullfrogs
  A gnoll sergeant (D:9)
  A wyvern skeleton (D:5)
  4 scorpions
  5 killer bees
  A howler monkey (D:4)
  An electric eel (Lair:3)
  2 crimson imps
  4 centaur zombies
  9 hounds
  A human zombie (Ossuary)
  2 jellies
  6 orc priests
  11 orc wizards
  An iguana (D:5)
  Ijyb (D:4)
  10 worker ants
  Natasha (twice) (D:4)
  7 hell rats (Lair:3)
  A killer bee zombie (D:7)
  A big kobold zombie (Ossuary)
  3 hound zombies (Ossuary)
  A hound skeleton (D:4)
  3 mummies (Ossuary)
  4 gnolls (D:9)
  A river rat (D:6)
  A worker ant zombie (D:6)
  9 adders
  A shadow imp (D:8)
  2 adder skeletons
  4 adder zombies (Ossuary)
  4 worms
  9 leopard geckos
  40 orcs
  2 ball pythons
  4 bats
  8 giant cockroaches
  A gnoll zombie (Ossuary)
  7 goblins
  2 hobgoblins
  12 jackals
  3 quokkas
  5 frilled lizards
  3 goblin zombies (Ossuary)
  2 hobgoblin zombies (Ossuary)
  A jackal skeleton (D:5)
  2 jackal zombies
  12 kobolds
  5 kobold zombies (Ossuary)
  An orc zombie (Ossuary)
  6 quokka zombies (Ossuary)
  6 rats
  4 rat zombies (Ossuary)
367 creatures vanquished.

Vanquished Creatures (collateral kills)
  A hippogriff (Lair:4)
1 creature vanquished.

Vanquished Creatures (others)
  A kobold (D:9)
  A quokka (D:4)
  5 fungi
  3 plants
10 creatures vanquished.

Grand Total: 378 creatures vanquished

Notes
Turn   | Place    | Note
-------+----------+-------------------------------------------
     0 | D:1      | peterlawrence the Minotaur Fighter began the quest for the Orb.
     0 | D:1      | Reached XP level 1. HP: 19/19 MP: 0/0
   121 | D:1      | Reached XP level 2. HP: 25/27 MP: 1/1
   652 | D:2      | Noticed Sigmund
   656 | D:2      | Reached XP level 3. HP: 29/33 MP: 2/2
   661 | D:2      | Killed Sigmund
   661 | D:2      | Reached skill level 1 in Dodging
   661 | D:2      | Reached XP level 4. HP: 21/41 MP: 3/3
   661 | D:2      | Reached XP level 5. HP: 24/47 MP: 4/4
   768 | D:2      | Found an iron altar of Okawaru.
   781 | D:2      | Became a worshipper of Warmaster Okawaru
   876 | D:2      | Reached skill level 5 in Shields
  1778 | D:3      | Noticed Purgy
  1797 | D:3      | Killed Purgy
  1797 | D:3      | Reached skill level 5 in Armour
  1797 | D:3      | Reached XP level 6. HP: 53/53 MP: 5/5
  2250 | D:4      | Noticed Ijyb
  2257 | D:4      | Killed Ijyb
  2265 | D:4      | Reached * piety under Okawaru
  2303 | D:4      | Noticed Natasha
  2309 | D:4      | Killed Natasha
  2537 | D:4      | Noticed Natasha
  2542 | D:4      | Killed Natasha
  2542 | D:4      | Reached skill level 5 in Maces & Flails
  2576 | D:4      | Reached XP level 7. HP: 57/60 MP: 6/6
  2581 | D:4      | Reached skill level 5 in Fighting
  2898 | D:4      | Noticed Pikel
  2919 | D:4      | Killed Pikel
  2919 | D:4      | Reached ** piety under Okawaru
  2919 | D:4      | Reached XP level 8. HP: 35/69 MP: 7/7
  3175 | D:5      | Entered Level 5 of the Dungeon
  3344 | D:5      | Reached skill level 1 in Invocations
  3558 | D:5      | Found a staircase to the Ecumenical Temple.
  3805 | D:6      | Reached *** piety under Okawaru
  3985 | D:6      | Found a sand-covered staircase.
  3990 | Ossuary  | Entered an ossuary
  4079 | Ossuary  | Reached XP level 9. HP: 76/82 MP: 9/9
  4304 | D:6      | Noticed Eustachio
  4314 | D:6      | Killed Eustachio
  4439 | D:6      | Noticed Menkaure
  4451 | D:6      | Killed Menkaure
  4871 | D:7      | Reached skill level 10 in Maces & Flails
  4875 | D:7      | Reached **** piety under Okawaru
  5599 | D:8      | Noticed a two-headed ogre
  5614 | D:8      | Killed a two-headed ogre
  5614 | D:8      | Reached ***** piety under Okawaru
  5614 | D:8      | Reached XP level 10. HP: 89/91 MP: 10/10
  5641 | D:8      | Noticed Erica
  5651 | D:8      | Received a gift from Okawaru
  5675 | D:8      | Killed Erica
  5675 | D:8      | Reached skill level 10 in Fighting
  6146 | D:9      | Found a staircase to the Lair.
  6170 | D:9      | Reached skill level 5 in Invocations
  6269 | D:9      | Noticed a two-headed ogre
  6290 | D:9      | Killed a two-headed ogre
  6413 | D:9      | Received a gift from Okawaru
  6437 | D:9      | Noticed a two-headed ogre
  6449 | D:9      | Killed a two-headed ogre
  6449 | D:9      | Reached XP level 11. HP: 96/101 MP: 7/16
  6687 | Lair:1   | Entered Level 1 of the Lair of Beasts
  7948 | Lair:1   | You fall through a shaft!
  7972 | Lair:2   | Reached skill level 5 in Dodging
  9214 | Lair:2   | Received a gift from Okawaru
  9417 | Lair:2   | Reached XP level 12. HP: 106/108 MP: 18/18
  9856 | Lair:2   | Noticed Gastronok
  9876 | Lair:2   | Killed Gastronok
  9876 | Lair:2   | Reached skill level 10 in Dodging
 10110 | Lair:3   | Found a hole to the Spider Nest.
 10409 | Lair:3   | Found a staircase to the Swamp.
 10950 | Lair:4   | Found a labyrinth entrance.
 10975 | Lab      | Entered a labyrinth
 11145 | Lab      | Found an exit through the horrors of the Abyss.
 11301 | Lab      | Noticed a minotaur
 11315 | Lab      | Killed a minotaur
 11328 | Lab      | Got a heavily runed plate armour
 11444 | Lair:4   | Noticed a death yak
 11444 | Lair:4   | Identified the cursed +0 plate armour of the Princeling {rF- Int+8} (You found it in a labyrinth)
 11448 | Lair:4   | Noticed a catoblepas
 11478 | Lair:4   | HP: 3/108 [catoblepas (9)]
 11479 | Lair:4   | Slain by a catoblepas

Skill      XL: |  1  2  3  4  5  6  7  8  9 10 11 12 |
---------------+-------------------------------------+-----
Fighting       | 4 5 8 9 10 | 10.8
Shields        | 4 5 6 |  6.8
Armour         | 4 5 6 9 |  9.2
Maces & Flails | 3 4 5 6 7 12 | 12.0
Dodging        | 1 2 3 9 12 | 12.0
Invocations    | 2 8 9 |  9.9
Stealth        | |  0.1

Action                   |  1- 3 |  4- 6 |  7- 9 | 10-12 || total
-------------------------+-------+-------+-------+-------++-------
Melee: Flail             |    53 |   132 |    56 |       ||   241
       Headbutt          |     6 |    27 |   112 |   253 ||   398
       Whip              |       |       |   453 |  1096 ||  1549
Invok: Heroism           |       |       |     2 |     9 ||    11
       Finesse           |       |       |       |     6 ||     6
  Use: Potion            |     1 |     2 |     3 |     2 ||     8
       Scroll            |       |       |    16 |     9 ||    25
  Eat: Chunk             |       |     5 |     7 |    14 ||    26
       Fruit             |       |       |     5 |       ||     5
       Royal jelly       |       |       |     2 |     3 ||     5
       Bread ration      |       |       |       |     1 ||     1
Armor: Scale mail        |    31 |    62 |    78 |       ||   171
       Chain mail        |       |       |    42 |    15 ||    57
       Plate armour      |       |       |       |   270 ||   270
Dodge: Dodged            |    22 |    45 |   175 |   373 ||   615
Block: Shield            |    34 |    74 |   243 |   485 ||   836
